 Dungeon Crawl Stone Soup version 0.31-a0-931-g7b59d4eb97 (webtiles) character file.

Game seed: 10857644113456647340

17 Ekaitz the Firebug (level 2, -2/20 HPs)
             Began as a Demonspawn Fire Elementalist on Oct 19, 2023.
             Slain by an adder (4 damage)
             ... on level 2 of the Dungeon.
             The game lasted 00:01:49 (913 turns).

Ekaitz the Firebug (Demonspawn Fire Elementalist)    Turns: 913, Time: 00:01:49

Health: -2/20      AC:  2    Str:  8    XL:     2   Next: 44%
Magic:  0/5        EV: 12    Int: 16    God:
Gold:   41         SH:  4    Dex: 13    Spells: 2/5 levels left

rFire   . . .        c - +0 dagger
rCold   . . .        (no shield)
rNeg    . . .        a - +0 robe
rPois   .            (no helmet)
rElec   .            (no cloak)
rCorr   .            (no gloves)
SInv    .            (no boots)
Will    .....        (no amulet)
Stlth   ++           (no ring)
HPRegen 0.23/turn    (no ring)
MPRegen 0.09/turn

%: no passive effects
@: lethally poisoned (-2 -> -4), very slightly contaminated
A: condensation shield
a: no special abilities


You were on level 2 of the Dungeon.
You visited 1 branch of the dungeon, and saw 2 of its levels.

You collected 41 gold pieces.

Inventory:

Hand Weapons
 c - a +0 dagger (weapon)
Armour
 a - a +0 robe (worn)
Jewellery
 e - an amulet of guardian spirit
Scrolls
 f - a scroll of amnesia {unknown}
Potions
 b - a potion of magic
 d - a potion of lignification {unknown}
 g - a potion of heal wounds {unknown}
 h - a potion of degeneration {unknown}
 i - 2 potions of curing {unknown}


   Skills:
 * Level 0.5 Fighting
 + Level 1.8 Dodging
 + Level 1.7 Stealth
 + Level 2.2 Spellcasting
 * Level 1.1 Conjurations
 * Level 0.2 Necromancy
 * Level 3.0 Fire Magic


You had 2 spell levels left.
You knew the following spells:

 Your Spells              Type           Power      Damage    Failure   Level
a - Foxfire               Conj/Fire      32%        2x1d5     9%          1
b - Scorch                Fire           22%        2d5       9%          2

Your spell library contained the following spells:

 Spells                   Type           Power      Damage    Failure   Level
 Sublimation of Blood     Necr           2%         N/A       28%         2
 Wereblood                Tmut           1%         N/A       30%         2
 Inner Flame              Hex/Fire       6%         N/A       32%         3
 Volatile Blastmotes      Fire/Tloc      12%        2d11      32%         3
 Flame Wave               Conj/Fire      8%         2d5       63%         4
 Summon Hydra             Summ           0%         N/A       100%        7


Dungeon Overview and Level Annotations

Branches:
Dungeon (2/15)

Altars:


Innate Abilities, Weirdness & Mutations

A meltable shield of frost defends you. (SH +4)


Message History

Nothing appears to happen.
The adder completely misses you.
You miscast Foxfire.
Nothing appears to happen.
The adder barely misses you. The adder bites you.
You conjure some foxfire!
The adder barely misses you.
Casting: Foxfire (safe; 9% risk of failure)
Confirm with . or Enter, or press ? or * to list all spells.
You miscast Scorch.
Nothing appears to happen.
The foxfire hits the adder but does no damage.
The foxfire hits the adder.
The adder is lightly wounded.
The adder bites you.
You barely miss the adder.
The adder is lightly wounded.
You block the adder's attack. The adder bites you.
You miss the adder. You punch the adder.
The adder is lightly wounded.
The adder barely misses you.
You barely miss the adder.
The adder is lightly wounded.
The adder barely misses you.
You hit the adder.
The adder is moderately wounded.
The adder bites you but does no damage.
You barely miss the adder.
The adder is moderately wounded.
The adder barely misses you. The adder bites you.
You hit the adder but do no damage.
The adder is moderately wounded.
The adder bites you.
You are poisoned.
The adder poisons you!
You hit the adder but do no damage.
The adder is moderately wounded.
You feel sick. The adder closely misses you.
Casting: Scorch (safe; 9% risk of failure)
Confirm with . or Enter, or press ? or * to list all spells.
You conjure some foxfire!
You feel sick. The adder bites you.
* * * LOW HITPOINT WARNING * * *
The adder bites you.
You die...

## ... #.## .....
#########...#
+....S.v....#
#.....@v# #.#####.#
#.#...#'####
#+##.#.#......#
#......#......#
####.###......#
#......##.#.##
######.....##..#..#
#....'<...##
#.#.#.#


You could see an adder (ally target).

Vanquished Creatures
  2 endoplasms (D:1)
  A hobgoblin (D:1)
  3 jackals (D:1)
  2 kobolds (D:1)
  2 ball pythons (D:1)
  2 bats (D:1)
  A frilled lizard (D:1)
  3 rats (D:1)
16 creatures vanquished.

Vanquished Creatures (others)
  40 foxfires
40 creatures vanquished.

Grand Total: 56 creatures vanquished

Notes
Turn   | Place    | Note
-------+----------+-------------------------------------------
     0 | D:1      | Ekaitz the Demonspawn Fire Elementalist began the quest for
                  | the Orb.
     0 | D:1      | Reached XP level 1. HP: 13/13 MP: 3/3
   328 | D:1      | Reached skill level 3 in Fire Magic
   328 | D:1      | Gained mutation: A meltable shield of frost defends you.
                  | (SH +4) [demonic ancestry]
   328 | D:1      | Reached XP level 2. HP: 18/20 MP: 1/5
   333 | D:1      | Learned a level 2 spell: Scorch
   913 | D:2      | Slain by an adder

Illustrated notes

Levels and vault maps discovered:
D:1:      dpeg_arrival_more_subterranean_lakeside_camping, layout_rooms,
          roderic_roman_lattice
D:2:      layout_basic, interstate_on_off, minmay_tall_x

Skill      XL: |  1 |
---------------+----+-----
Fire Magic     | 3 |  3.0
Fighting       | |  0.5
Dodging        | |  1.8
Stealth        | |  1.7
Spellcasting   | |  2.2
Conjurations   | |  1.1
Necromancy     | |  0.2

Action                     || total
---------------------------++-------
  Melee: Dagger            ||    23
         Punch             ||     1
   Cast: Foxfire           ||    23
         Scorch            ||     1
   Stab: Sleeping          ||     1
 Armour: Robe              ||    21
  Dodge: Dodged            ||    29
  Block: Other             ||     2

Table legend: (Time is in decaauts)
 A = Elapsed time spent in this place.
 B = Non-inter-level travel time spent in this place.
 C = Inter-level travel time spent in this place.
 D = Time resting spent in this place.
 E = Time spent auto-exploring this place.
 F = Levels seen in this place.
 G = Mean time per level.
                   A        B        C        D        E       F      G
               +--------+--------+--------+--------+--------+-----+--------+
         Total |    915 |    831 |     84 |      0 |    680 |   2 |  457.5 |
       Dungeon |    915 |    831 |     84 |      0 |    680 |   2 |  457.5 |
               +--------+--------+--------+--------+--------+-----+--------+

Top non-repeatable levels by time:
     D:1: 886 daAuts
     D:2: 28 daAuts
